 Dungeon Crawl Stone Soup version 0.29-a0-344-ge2f44be95a (webtiles) character file.

Game seed: 13025627277125701696

8 Hubjo the Ducker (level 2, 0/18 HPs)
             Began as a Deep Elf Monk on Apr 21, 2022.
             Slain by an endoplasm (2 damage)
             ... on level 1 of the Dungeon.
             The game lasted 00:00:47 (440 turns).

Hubjo the Ducker (Deep Elf Monk)                     Turns: 440, Time: 00:00:48

Health: 0/18       AC:  2    Str:  8    XL:     2   Next: 0%
Magic:  3/5        EV: 13    Int: 14    God:
Gold:   0          SH:  0    Dex: 17    Spells: 2/2 levels left

rFire   . . .      SeeInvis .   a - +1 short sword
rCold   . . .      Faith    .   (no shield)
rNeg    . . .      Spirit   .   b - +0 robe
rPois   .          Reflect  .   (no helmet)
rElec   .          Harm     .   (no cloak)
rCorr   .          Rampage  .   (no gloves)
Will    .....                   (no boots)
Stlth   ++........              (no amulet)
HPRegen 0.06/turn               (no ring)
MPRegen 0.09/turn               (no ring)

@: attractive
A: no striking features
a: no special abilities


You were on level 1 of the Dungeon.
You visited 1 branch of the dungeon, and saw 1 of its levels.

Inventory:

Hand Weapons
 a - a +1 short sword (weapon)
Armour
 b - a +0 robe (worn)
Scrolls
 f - a scroll of identify {unknown}


   Skills:
 + Level 2.5 Fighting
 - Level 3.0 Short Blades
 - Level 3.6 Dodging
 * Level 3.0 Stealth
 + Level 0.9 Spellcasting


You had 2 spell levels left.
You didn't know any spells.
Your spell library was empty.

Dungeon Overview and Level Annotations

Branches:
Dungeon (1/15)

Altars:


Message History

The endoplasm attacks as you move away! The endoplasm closely misses you.
As you read the scroll labelled ATEFITUISO, it crumbles to dust.
You feel aware of your surroundings.
You sensed 1 shop/portal.
It was a scroll of magic mapping.
The endoplasm hits you.
* * * LOW HITPOINT WARNING * * *
The endoplasm attacks as you move away! The endoplasm misses you.
The endoplasm jiggles.
You are confused.
You feel invigorated. The endoplasm barely misses you.
You bump into the tree.
The endoplasm completely misses you.
You bump into the tree.
You feel less invigorated.
You feel less confused. The endoplasm freezes you.
You are frozen.
You completely miss the endoplasm. The endoplasm closely misses you.
The endoplasm freezes you.
You are frozen.
You hit the endoplasm.
The endoplasm is moderately wounded.
The endoplasm hits you. The endoplasm misses you.
You hit the endoplasm.
You kill the endoplasm!
The endoplasm freezes you.
You are frozen.
You hit the hobgoblin.
The hobgoblin is almost dead.
The endoplasm hits you.
* * * LOW HITPOINT WARNING * * *
The hobgoblin hits you but does no damage.
You puncture the hobgoblin!
You kill the hobgoblin!
The endoplasm hits you.
* * * LOW HITPOINT WARNING * * *
Your Stealth skill increases to level 3!
You have reached level 2!
It was a potion of attraction.
You feel attractive to monsters. The endoplasm barely misses you.
The endoplasm attacks as you move away! The endoplasm hits you.
You die...

****,...#..#.### *..=...,,,**,,,
,,,*,.........#####...###**,**,**
,,,*,##.#.###............,,,,*,,,
,,,,*,♣.♣.♣.♣.♣..........,,,,*,**
,,,*,,,♣...♣...♣.........,,,,*,*
*,*,*,*,♣.♣.♣.♣.♣##...###**,**,**
**,,,*,,,♣...♣...#*......,,,**,,,
**,*,*,♣.♣.♣.♣J♣##...###**,*,,**
*,*,,,♣...♣..†♣@.....(.,**,*,,,*
**,*,*.♣.♣.♣.♣.♣.....#.$**,*,*>*
**,,,*,,,♣.$.♣........#..**,,,^,,
*,*,*,*,♣.♣.♣.♣.♣...$...,****,*,*
,,,*,,,*...♣...♣.#..##..,***,*,,,
***,*,*,♣.♣.♣,♣,♣.....*+*,,,,,*,*
**,,,*,..♣..,*,,,#....+∩+,**,,,**
,,*,*,♣.♣.♣,*,*,**.##.#+*****,**
**,*,,.♣,,,*,,,*,,,#*,,,* *,*


You could see an endoplasm.

Vanquished Creatures
  A bat (D:1)
  2 endoplasms (D:1)
  A hobgoblin (D:1)
  A quokka (D:1)
  A ball python (D:1)
  A rat (D:1)
7 creatures vanquished.

Notes
Turn   | Place    | Note
-------+----------+-------------------------------------------
     0 | D:1      | Hubjo the Deep Elf Monk began the quest for the Orb.
     0 | D:1      | Reached XP level 1. HP: 13/13 MP: 3/3
   438 | D:1      | Reached XP level 2. HP: 2/18 MP: 3/5
   440 | D:1      | Slain by an endoplasm

Illustrated notes

Levels and vault maps discovered:
D:1:      ncdulo_halloftheorcs, layout_loops_cross, serial_shops,
          nicolae_shop_behind_doors, kennysheep_crisscross

Skill      XL: |  1 |
---------------+----+-----
Stealth        | 3 |  3.0
Fighting       | |  2.5
Short Blades   | |  3.0
Dodging        | |  3.6
Spellcasting   | |  0.9

Action                   || total
-------------------------++-------
Melee: Short sword       ||    26
       Punch             ||     1
  Use: Scroll            ||     2
       Potion            ||     2
 Stab: Sleeping          ||     1
Armor: Robe              ||     5
Dodge: Dodged            ||    33

Table legend: (Time is in decaauts)
 A = Elapsed time spent in this place.
 B = Non-inter-level travel time spent in this place.
 C = Inter-level travel time spent in this place.
 D = Time resting spent in this place.
 E = Time spent auto-exploring this place.
 F = Levels seen in this place.
 G = Mean time per level.
                   A        B        C        D        E       F      G
               +--------+--------+--------+--------+--------+-----+--------+
         Total |    439 |    439 |      0 |      0 |    374 |   1 |  439.0 |
       Dungeon |    439 |    439 |      0 |      0 |    374 |   1 |  439.0 |
               +--------+--------+--------+--------+--------+-----+--------+

Top non-repeatable levels by time:
     D:1: 439 daAuts
